 Dungeon Crawl Stone Soup version 0.29.1-12-g30fa7ad0bf (webtiles) character file.

Game seed: 16461715193437069461

625 112233 the Destroyer (level 7, -2/27 HPs)
             Began as a Felid Conjurer on Dec 17, 2022.
             Was an Initiate of Gozag.
             Slain by an ufetubus (3 damage)
             ... on level 5 of the Dungeon.
             The game lasted 00:08:11 (10478 turns).

112233 the Destroyer (Felid Conjurer)              Turns: 10478, Time: 00:08:11

Health: -2/27      AC:  2    Str:  3    XL:     7   Next: 23%
Magic:  4/11       EV: 17    Int: 21    God:    Gozag
Gold:   417        SH:  0    Dex: 15    Spells: 3/10 levels left
                                        Lives:  0   Deaths: 2

rFire   . . .      SeeInvis +   (weapon unavailable)
rCold   . . .      Faith    .   (shield unavailable)
rNeg    . . .      Spirit   .   (body armour unavailable)
rPois   .          Reflect  .   (helmet unavailable)
rElec   .          Harm     .   (cloak unavailable)
rCorr   .          Rampage  .   (gloves unavailable)
Will    +....                   (boots unavailable)
Stlth   ++........              (no amulet)
HPRegen 0.09/turn               (no ring)
MPRegen 0.12/turn               (no ring)

@: quick
A: very small, claws 1, fangs 3, see invisible, speed 1, shaggy fur 2, stealthy
paws, no weapons or thrown items, no armour, multi-lived
a: Renounce Religion, Potion Petition, Call Merchant, Bribe Branch


You were on level 5 of the Dungeon.
You worshipped Gozag.
Gozag was aware of your devotion.
You visited 2 branches of the dungeon, and saw 6 of its levels.
You also visited: Ossuary.

You collected 518 gold pieces.
You paid 101 gold pieces to Gozag.

Inventory:

Wands
 t - a wand of iceblast (9)
 u - a wand of flame (26)
Scrolls
 a - a scroll of torment
 b - a scroll of magic mapping {unknown}
 d - 2 scrolls of brand weapon {unknown}
 e - 6 scrolls of teleportation {unknown}
 f - a scroll of immolation {unknown}
 g - 8 scrolls of identify {unknown}
 h - a scroll of noise {unknown}
 j - a scroll of blinking {unknown}
 k - a scroll of silence {unknown}
 m - a scroll of enchant armour {unknown}
 n - 2 scrolls of enchant weapon {unknown}
Potions
 c - 2 potions of degeneration
 i - a potion of berserk rage {unknown}
 l - a potion of experience {unknown}
 o - 3 potions of brilliance
 p - a potion of might {unknown}
 r - a potion of haste {unknown}
 s - 2 potions of curing


   Skills:
 - Level 2.6 Dodging
 - Level 2.6 Stealth
 - Level 2.0 Spellcasting
 + Level 10.4 Conjurations


You had 3 spell levels left.
You knew the following spells:

 Your Spells              Type           Power      Damage    Failure   Level
a - Magic Dart            Conj           100%       1d8       1%          1
b - Searing Ray           Conj           90%        2d7       1%          2
c - Fulminant Prism       Conj/Hex       11%        3d9       17%         4

Your spell library contained the following spells:

 Spells                   Type           Power      Damage    Failure   Level
 Dazzling Flash           Conj/Hex       46%        N/A       5%          3
 Scorch                   Fire           4%         2d5       22%         2
 Ozocubu's Armour         Ice            2%         N/A       41%         3
 Flame Wave               Conj/Fire      23%        2d8       17%         4
 Iskenderun's Mystic Bla  Conj/Tloc      23%        2d6       17%         4
 Summon Cactus Giant      Summ           1%         N/A       100%        6
 Ozocubu's Refrigeration  Ice            1%         4d7       100%        7


Dungeon Overview and Level Annotations

Branches:
Dungeon (5/15)             Temple (1/1) D:4         Ossuary (visited)

Altars:
Ashenzari
Cheibriados
Elyvilon
Fedhas
Gozag
Kikubaaqudgha
Makhleb
Ru
Trog
Wu Jian
Xom
Yredelemnul
Zin

Portals:
Abyss: D:3

Annotations:
D:2 exclusion: downstairs
D:3 2 transporters, tmanko's ghost, amateur DsGl


Innate Abilities, Weirdness & Mutations

You have sharp claws.
You have razor-sharp teeth.
You have supernaturally acute eyesight. (SInv)
You cover ground quickly. (Speed+)
You are covered in thick fur. (AC +2)
Your paws help you pounce on unaware monsters.
You are incapable of wielding weapons or throwing items.
You cannot wear armour.
You gain extra lives every three experience levels.


Message History

The ogre is severely wounded.
The ogre shouts!
The ogre misses you.
Casting: Magic Dart (safe; 1% risk of failure)
Confirm with . or Enter, or press ? or * to list all spells.
Aiming: Magic Dart (safe; 1% risk of failure)
Press: ? - help, Shift-Dir - straight line, f/p - ogre
Aim: an ogre, wielding a +0 giant club (severely wounded, 100% to hit)
The magic dart hits the ogre.
The ogre is almost dead.
An ufetubus comes into view.
There are monsters nearby!
Casting: Magic Dart (safe; 1% risk of failure)
Confirm with . or Enter, or press ? or * to list all spells.
Aiming: Magic Dart (safe; 1% risk of failure)
Press: ? - help, Shift-Dir - straight line, f/p - ogre
Aim: an ogre, wielding a +0 giant club (almost dead, 100% to hit)
The magic dart hits the ogre.
The ogre is almost dead.
The ogre hits you with a +0 giant club!!
Ouch! That really hurt!
* * * LOW HITPOINT WARNING * * *
A worm comes into view.
Unknown command.
You scratch the ogre.
The ogre is almost dead.
The ogre misses you.
You barely miss the ogre. You bite the ogre.
The ogre is almost dead.
You barely miss the ogre.
The ogre is almost dead.
The ogre barely misses you.
Unknown command.
You barely miss the ogre.
The ogre is almost dead.
The ufetubus hits you.
* * * LOW HITPOINT WARNING * * *
The ufetubus hits you.
You die...
Your body crumbles into a pile of gold.

##......... #..........
#........~~ #.....w#
#.(....# ##......#
#.......# ##...5OO##
##..##.@## ##.####..#
##.## ##.# ##.## #.#
##.## #.## ##..# #..##
##..## #...######
##....########..###...##
#..............## ###..#


You could see 2 ogres, a worm and an ufetubus.

Vanquished Creatures
  Eustachio (D:5)
  2 phantoms
  A necrophage (D:4)
  10 scorpions (Ossuary)
  2 human zombies (Ossuary)
  2 orc priests
  A scorpion zombie (Ossuary)
  Ijyb (D:5)
  Natasha (D:2)
  3 mummies (Ossuary)
  12 adders
  4 gnolls (D:3)
  A worm (D:2)
  4 dart slugs
  15 orcs
  6 endoplasms
  5 giant cockroaches
  2 gnoll zombies (Ossuary)
  9 goblins
  6 hobgoblins
  5 jackals
  8 quokkas
  7 ball pythons
  10 bats
  6 frilled lizards
  4 goblin zombies (Ossuary)
  10 kobolds
  2 orc zombies (Ossuary)
  4 rats
144 creatures vanquished.

Notes
Turn   | Place    | Note
-------+----------+-------------------------------------------
     0 | D:1      | 112233 the Felid Conjurer began the quest for the Orb.
     0 | D:1      | Reached XP level 1. HP: 7/7 MP: 4/4
   393 | D:1      | Reached skill level 4 in Conjurations
   399 | D:1      | Reached XP level 2. HP: 5/11 MP: 4/6
   836 | D:1      | Learned a level 2 spell: Searing Ray
  1430 | D:1      | Reached XP level 3. HP: 14/14 MP: 1/7
  2258 | D:2      | Found a broken altar of Ashenzari.
  2551 | D:2      | Reached skill level 5 in Conjurations
  2557 | D:2      | Reached XP level 4. HP: 18/18 MP: 0/8
  3370 | D:2      | Reached XP level 5. HP: 21/21 MP: 5/9
  3407 | D:2      | Noticed Natasha
  3413 | D:2      | Killed Natasha
  3414 | D:2      | Reached skill level 6 in Conjurations
  4534 | D:3      | You fall into a shaft and drop 1 floor!
  4805 | D:4      | Noticed a phantom
  4818 | D:4      | Killed a phantom
  4819 | D:4      | Gained mutation: You are covered in thick fur. (AC +2)
                  | [Felid growth]
  4819 | D:4      | Reached XP level 6. HP: 24/24 MP: 0/10
  4969 | D:4      | Found a glowing silver altar of Zin.
  4971 | D:4      | Found a burning altar of Makhleb.
  4971 | D:4      | Found a shimmering altar of Xom.
  4972 | D:4      | Found a white marble altar of Elyvilon.
  4994 | D:4      | Found a sand-covered staircase.
  5003 | Ossuary  | Entered an ossuary
  5072 | Ossuary  | Reached skill level 7 in Conjurations
  5610 | Ossuary  | Succumbed to a scorpion's poison
  5611 | Ossuary  | Reached XP level 5. HP: 0/21 MP: 0/9
  5615 | Ossuary  | Reached XP level 6. HP: 24/24 MP: 7/10
  5748 | Ossuary  | Reached skill level 8 in Conjurations
  6403 | Ossuary  | Reached XP level 7. HP: 22/27 MP: 4/11
  6544 | Ossuary  | Reached skill level 9 in Conjurations
  7505 | D:4      | Found a staircase to the Ecumenical Temple.
  7584 | Temple   | Entered the Ecumenical Temple
  7589 | Temple   | Became a worshipper of Gozag Ym Sagoz the Greedy
  8486 | D:3      | Found a transporter.
  9154 | D:3      | Noticed a small abomination
  9161 | D:3      | Noticed tmanko's ghost (amateur DsGl)
  9165 | D:3      | Found a one-way gate to the infinite horrors of the Abyss.
  9165 | D:3      | Noticed a small abomination
  9185 | D:3      | Found a transporter.
  9339 | D:3      | Found a snail-covered altar of Cheibriados.
  9435 | D:5      | Entered Level 5 of the Dungeon
  9970 | D:4      | Learned a level 4 spell: Fulminant Prism
 10019 | D:5      | Noticed Ijyb
 10023 | D:5      | Killed Ijyb
 10081 | D:5      | Noticed Eustachio
 10113 | D:5      | Killed Eustachio
 10114 | D:5      | Reached skill level 10 in Conjurations
 10114 | D:5      | Reached XP level 8. HP: 31/31 MP: 12/12
 10378 | D:5      | Slain by an ice beast
 10379 | D:5      | Reached XP level 7. HP: -5/27 MP: 0/11
 10478 | D:5      | HP: 1/27 [ufetubus (5)]
 10478 | D:5      | Slain by an ufetubus

Illustrated notes

Levels and vault maps discovered:
D:1:      eino_arrival_cavern_e, layout_basic, minmay_tall_x
D:2:      wad_river_or_something, layout_loops_corners, basic_altar,
          minmay_misc_feat_hallway, uniq_natasha
D:3:      layout_basic, mainiacjoe_overflow_alcove_4,
          gammafunk_ghost_abyssal_escape
D:4:      layout_loops_corners, grunt_temple_overflow_open,
          minmay_temple_entry_ruins, chequers_ossuary_entry_cave
D:5:      layout_layer_cave, lightli_sewer_entry_pipes, uniq_eustachio,
          uniq_ijyb
Temple:   hellmonk_temple_micro_hex

Skill      XL: |  1  2  3  4  5  6  7 |
---------------+----------------------+-----
Conjurations   | 4 5 6 8 10 | 10.4
Dodging        | |  2.6
Stealth        | |  2.6
Spellcasting   | |  2.0

Action                   |  1- 3 |  4- 6 |  7- 9 || total
-------------------------+-------+-------+-------++-------
Melee: Unarmed           |     5 |    25 |     8 ||    38
       Bite              |     1 |     2 |     2 ||     5
 Cast: Magic Dart        |    73 |   125 |   115 ||   313
       Searing Ray       |     1 |    20 |    14 ||    35
Evoke: Wand              |       |       |     9 ||     9
  Use: Potion            |     4 |     3 |     1 ||     8
       Scroll            |       |     3 |       ||     3
Armor: Skin              |     3 |     4 |     2 ||     9
Dodge: Dodged            |    20 |    49 |    31 ||   100
